 Dungeon Crawl Stone Soup version 0.22.1-1-ga44c0e5 (webtiles) character file.

33 Starchild the Magician (level 3, -1/24 HPs)
             Began as a Barachi Wizard on Oct 22, 2018.
             Was an Initiate of Sif Muna.
             Killed from afar by Sigmund (8 damage)
             ... with a puff of flame
             ... on level 2 of the Dungeon.
             The game lasted 00:10:01 (1323 turns).

Starchild the Magician (Barachi Wizard)             Turns: 1323, Time: 00:10:02

Health: -1/24      AC:  3    Str:  8    XL:     3   Next: 29%
Magic:  3/8        EV: 12    Int: 19    God:    Sif Muna [......]
Gold:   29         SH:  0    Dex: 10    Spells: 3/10 levels left

rFire    . . .     SeeInvis .   e - +0 club
rCold    . . .     Gourm    .   (no shield)
rNeg     . . .     Faith    .   a - +0 robe
rPois    .         Spirit   .   b - +0 hat
rElec    .         Reflect  .   m - +0 cloak
rCorr    .         Harm     .   (no gloves)
MR       .....                  (no boots)
Stlth    ++........             (no amulet)
HPRegen  0.08/turn              (no ring)
MPRegen  0.11/turn              (no ring)

@: slow
A: +LOS, swims, slowness 1, strong legs 1
a: Hop, Renounce Religion


You were on level 2 of the Dungeon.
You worshipped Sif Muna.
Sif Muna was noncommittal.
You were not hungry.

You visited 1 branch of the dungeon, and saw 3 of its levels.

You collected 29 gold pieces.

Inventory:

Hand Weapons
 e - a +0 club (weapon)
Missiles
 c - 57 stones (quivered)
Armour
 a - a +0 robe (worn)
 b - a +0 hat (worn)
 m - a +0 cloak (worn)
Scrolls
 f - a scroll of magic mapping {unknown}
 g - a scroll of noise {unknown}
 h - 2 scrolls of identify {unknown}
 l - a scroll of teleportation {unknown}
Potions
 i - 2 potions of resistance {unknown}
 j - a potion of flight {unknown}
 k - a potion of brilliance {unknown}
 n - a potion of curing {unknown}
Comestibles
 d - a ration
 o - a chunk of flesh


   Skills:
 - Level 2.1 Dodging
 - Level 1.7 Stealth
 - Level 4.0 Spellcasting
 * Level 2.0 Conjurations
 * Level 1.6 Summonings
 - Level 1.2 Translocations


You had 3 spell levels left.
You knew the following spells:

 Your Spells              Type           Power        Failure   Level  Hunger
a - Magic Dart            Conj           ##..         6%          1    None
b - Call Imp              Summ           ##......     11%         2    ##.....
c - Blink                 Tloc           N/A          13%         2    ##.....
d - Slow                  Hex            #.......     21%         2    ##.....

Your spell library contained the following spells:

 Spells                   Type           Power        Failure   Level  Hunger
 Conjure Flame            Conj/Fire      #.......     26%         3    ###....
 Mephitic Cloud           Conj/Pois/Air  #.......     30%         3    ###....


Dungeon Overview and Level Annotations

Branches:
Dungeon (3/15)

Altars:
Sif Muna

Annotations:
D:2 Sigmund


Innate Abilities, Weirdness & Mutations

Shadows flee at your approach. (+LOS)
You can swim through water.
You cover ground slowly.
You can hop short distances.


Message History

Confirm with . or Enter, or press ? or * to list all spells.
A shadowy apparition takes form in the air.
Casting: Call Imp (safe; 11% risk of failure)
Confirm with . or Enter, or press ? or * to list all spells.
A beastly little devil appears in a puff of flame.
Your shadow imp gestures at Sigmund.
Sigmund writhes in agony!
Casting: Call Imp (safe; 11% risk of failure)
Confirm with . or Enter, or press ? or * to list all spells.
Aiming: Magic Dart (safe; 6% risk of failure)
Press: ? - help, Shift-Dir - straight line, f - Sigmund
Aim: Sigmund, wielding an enchanted scythe and wearing a robe (moderately The magic dart hits Sigmund.
Sigmund is moderately wounded.
Sigmund hits you from afar with an enchanted scythe!
Ouch! That really hurt!
* * * LOW HITPOINT WARNING * * *
Sigmund gestures at you while chanting. The puff of flame hits you!
You die...

##.#####รท# .# #...#
#[##.#### #.#.####.#.....
#.(...##.#...
#.###.##.#.## #.#
#.##.@5.##
#.###.##>#5#.###.#
#.....#........... # ###
###.#.##@#.#.###.. . ..#
#....#..).## .##. #.#
#......#.## .#. #.#
##...#....####..## #.#
##..............# #.#
####....##.#..# #<########
#...###.#..#.##
#........###.(.##........#
########...........#..#..#


You could see Sigmund, a friendly crimson imp and a friendly shadow imp.

Vanquished Creatures
  An ooze (D:1)
  A leopard gecko (D:1)
  2 giant cockroaches (D:1)
  3 goblins (D:1)
  3 hobgoblins
  A quokka (D:2)
  2 ball pythons (D:1)
  3 bats
  3 frilled lizards
  2 kobolds (D:1)
  5 rats (D:1)
26 creatures vanquished.

Vanquished Creatures (collateral kills)
  A rat (D:3)
1 creature vanquished.

Grand Total: 27 creatures vanquished

Notes
Turn   | Place    | Note
-------+----------+-------------------------------------------
     0 | D:1      | Starchild the Barachi Wizard began the quest for the Orb.
     0 | D:1      | Reached XP level 1. HP: 13/13 MP: 4/4
   311 | D:1      | Reached XP level 2. HP: 19/19 MP: 3/6
   533 | D:1      | Reached skill level 4 in Spellcasting
   537 | D:1      | Learned a level 2 spell: Call Imp
   540 | D:1      | Learned a level 2 spell: Blink
   543 | D:1      | Learned a level 2 spell: Slow
   552 | D:1      | Reached XP level 3. HP: 21/24 MP: 1/8
  1160 | D:2      | Found a deep blue altar of Sif Muna.
  1166 | D:2      | Became a worshipper of Sif Muna the Loreminder
  1201 | D:2      | Noticed Sigmund
  1323 | D:2      | Killed from afar by Sigmund

Skill      XL: |  1  2  3 |
---------------+----------+-----
Spellcasting   | 4 |  4.0
Conjurations   | 2 |  2.0
Dodging        | |  2.1
Stealth        | |  1.7
Summonings     | |  1.6
Translocations | |  1.2

Action                   || total
-------------------------++-------
Melee: Unarmed           ||    16
       Club              ||    18
 Cast: Magic Dart        ||    52
       Call Imp          ||     3
 Abil: Hop               ||     1
  Eat: Chunk             ||     2
Armor: Robe              ||    12
Dodge: Dodged            ||    41
